 Dungeon Crawl Stone Soup version 0.22-a0-525-gf69a080 (webtiles) character file.

16 kae the Insei (level 2, -1/21 HPs)
             Began as a Demonspawn Transmuter on June 21, 2018.
             Slain by a jackal (2 damage)
             ... on level 2 of the Dungeon.
             The game lasted 00:00:24 (1103 turns).

kae the Insei (Demonspawn Transmuter)               Turns: 1103, Time: 00:00:25

Health: -1/21      AC:  2    Str: 10    XL:     2   Next: 37%
Magic:  5/5        EV: 12    Int: 14    God:
Gold:   48         SH:  0    Dex: 13    Spells: 4/5 levels left

rFire    . . .     SeeInvis .     - Unarmed
rCold    . . .     Gourm    .   (no shield)
rNeg     . . .     Faith    .   b - +0 robe
rPois    .         Spirit   .   (no helmet)
rElec    .         Reflect  .   (no cloak)
rCorr    .         Harm     .   (no gloves)
MR       .....                  (no boots)
Stlth    ++........             (no amulet)
HPRegen  0.07/turn              (no ring)
MPRegen  0.09/turn              (no ring)

@: appendage (expiring)
A: horns 2, nightstalker 1
a: End Transformation


You were on level 2 of the Dungeon.
You were hungry.
You had grown temporary horns.
You visited 1 branch of the dungeon, and saw 2 of its levels.

You collected 48 gold pieces.

Inventory:

Missiles
 a - 12 arrows
Armour
 b - a +0 robe (worn)
Scrolls
 c - a scroll of remove curse {unknown}
 f - a scroll of identify {unknown}
Potions
 e - a potion of agility {unknown}
 h - a potion of invisibility {unknown}
Comestibles
 d - a ration


   Skills:
 + Level 1.3 Fighting
 - Level 1.7 Dodging
 * Level 3.0 Unarmed Combat
 + Level 2.1 Spellcasting
 + Level 2.0 Transmutations


You had 4 spell levels left.
You knew the following spells:

 Your Spells              Type           Power        Failure   Level  Hunger
a - Beastly Appendage     Tmut           #.....       11%         1    #......

Your spell library contained the following spells:

 Spells                   Type           Power        Failure   Level  Hunger
 Spider Form              Tmut/Pois      #.........   43%         3    ###....
 Blade Hands              Tmut           #.........   96%         5    ######.
 Ice Form                 Ice/Tmut       #.......     83%         4    #####..
 Sticks to Snakes         Tmut           #.......     16%         2    ###....


Dungeon Overview and Level Annotations

Branches:
Dungeon (2/15)

Altars:


Innate Abilities, Weirdness & Mutations

You are slightly more attuned to the shadows.
You have a pair of horns on your head.


Message History

You hit the jackal but do no damage.
The jackal bites you but does no damage.
The jackal bites you.
* * * LOW HITPOINT WARNING * * *
You hit the jackal but do no damage. Your headbutt misses the jackal.
The jackal bites you.
* * * LOW HITPOINT WARNING * * *
You hit the jackal.
The jackal is heavily wounded.
The jackal bites you.
* * * LOW HITPOINT WARNING * * *
You closely miss the jackal.
You headbutt the jackal, but do no damage.
The jackal is heavily wounded.
The jackal barely misses you. The jackal bites you.
* * * LOW HITPOINT WARNING * * *
You closely miss the jackal.
The jackal is moderately wounded.
The jackal bites you.
You die...

##...##..
#.....#.
#?..(..
.....
#...##.#
#hhK...#
#h#
###@####
#......##
#.#.....##
#........#
#........#
#....†...#
#.#.....##
#......##
#####.####


You could see 3 jackals and a kobold.

Vanquished Creatures
  A worm (D:2)
  A leopard gecko (D:2)
  A giant cockroach (D:1)
  3 goblins
  A hobgoblin (D:1)
  A kobold (D:1)
  2 bats
  A frilled lizard (D:1)
11 creatures vanquished.

Notes
Turn   | Place    | Note
-------+----------+-------------------------------------------
     0 | D:1      | kae the Demonspawn Transmuter began the quest for the Orb.
     0 | D:1      | Reached XP level 1. HP: 15/15 MP: 3/3
  1062 | D:2      | Gained mutation: You are slightly more attuned to the shadows. [demonic ancestry]
  1062 | D:2      | Reached XP level 2. HP: 21/21 MP: 3/5
  1066 | D:2      | Reached skill level 3 in Unarmed Combat
  1102 | D:2      | HP: 1/21 [jackal (2)]
  1103 | D:2      | Slain by a jackal

Vault maps used:
D:1:      evilmike_arrival_rings, minmay_misc_feat_plants
D:2:      fedhas_altar_2, uniq_sigmund

Skill      XL: |  1  2 |
---------------+-------+-----
Unarmed Combat | 3 |  3.0
Transmutations | 2 |  2.0
Fighting       | |  1.3
Dodging        | |  1.7
Spellcasting   | |  2.1

Action                   || total
-------------------------++-------
Melee: Unarmed           ||    38
       Headbutt          ||     5
       Kick              ||     2
       Punch             ||     1
 Cast: Beastly Appendage ||     7
Armor: Robe              ||     7
Dodge: Dodged            ||    29

Table legend:
 A = Spawn XP
 B = Non-spawn XP
 C = Spawn XP percentage of total XP
 D = Spawn monster count
 E = Non-spawn monster count
 F = Spawn count percentage of total count
 G = Total turns spent on level
                    A         B        C        D         E        F      G
               +---------+---------+-------+---------+---------+-------+---------
         Total |       0 |      23 |   0.0 |       0 |      11 |   0.0 |  1103
               +---------+---------+-------+---------+---------+-------+---------
           D:1 |       0 |      10 |   0.0 |       0 |       6 |   0.0 |  1055
           D:2 |       0 |      13 |   0.0 |       0 |       5 |   0.0 |    48
               +---------+---------+-------+---------+---------+-------+---------
